woodfighter, lawful female dwarven Priestess ----------- -----.@f......| |.....`..`.`..| ----.|.|.`.-----.| |....-----.`..--`| |.........`......| --.|....>..--.--.| --^|--------|.||.| |%.------...|.--.-- |?..^^^^^.``+.`...| ---------.<.|.....| |...|------ ----- woodfighter the Adept Experience level: 6 Strength: 12 Dexterity: 13 Constitution: 15 Intelligence: 17 Wisdom: 8 Charisma: 10 Health: 0(48) Energy: 24(40) Def: 3 Gold: 304 Moves: 3185 Dungeon seed: PzYdejGdb9jdLSmC Game ID: woodfighter_1553643347 Your Inventory: Coins $ - 304 gold pieces Weapons a - a blessed corroded +1 mace (weapon in hand) Armor e - a +0 robe (being worn) n - a +0 small shield (being worn) r - a corroded +0 orcish helm (being worn) Comestibles c - a clove of garlic d - 2 sprigs of wolfsbane t - 3 food rations u - a tripe ration z - an egg O - a magic bean Scrolls j - a scroll of create monster k - a cursed scroll of remove curse m - a scroll of identify o - 2 scrolls of scare monster v - a scroll of teleportation w - a scroll of scare monster H - a scroll of destroy armor M - a scroll of earth Spellbooks g - a spellbook of detect monsters h - a spellbook of protection i - a spellbook of healing B - a spellbook of sleep Potions b - 4 potions of holy water l - a potion of gain level x - a potion of levitation A - a potion of paralysis F - 3 potions of hallucination G - a potion of water K - a cursed potion of levitation Wands f - a wand of cancellation (0:1) D - a wand of speed monster (0:5) E - a wand of lightning (0:2) L - a wand of speed monster (0:6) Tools I - a tin whistle Gems q - an amber y - 2 worthless pieces of white glass N - a worthless piece of red glass Y - an agate Spells and supernatural/magical abilities: Name Level Category Fail Memory h - healing 1 healing 0% 85% n - detect monsters 1 divination 0% 85% p - protection 1 clerical 0% 85% W - pray for help -- divine ? -- X - turn undead -- divine ? -- Your skills at the end: Miscellaneous Skills shield [Basic] wands [Basic] Weapon Skills pick-axe [Basic] mace [Basic] Spellcasting Skills clerical spells [Basic] Final Attributes: You were devoutly aligned. You had infravision. You are dead. Vanquished creatures: a plains centaur 2 rock moles a rock piercer a red naga hatchling 2 elf zombies a kitten a homunculus a kobold lord a rothe 3 jitterbugs a giant bat a monkey a dwarf zombie 3 killer bees 2 coyotes 3 acid blobs 3 geckos 2 giant rats a cave spider a green mold a red mold a gnome a gnome zombie 2 jackals a fox 3 kobolds 6 newts 3 goblins 2 sewer rats 3 grid bugs a bat 4 lichens a kobold zombie 61 creatures vanquished. Voluntary challenges: You did not adorn yourself with jewelry or accessories. You did not cause conflict. You were not invisible. You did not have reflection. You were not displaced. You were an atheist. You used a wielded weapon 100 times, starting on turn 44. You did not apply a unicorn horn. You did not use plumbed fixtures. You did not drink any magical draughts. You were illiterate. You never genocided any monsters. You never polymorphed an object. You never changed form. You used no wishes. You never split a pudding. You never wrote Elbereth's name. You never violated your personal moral code. Dungeon overview: The Dungeons of Doom: levels 1 to 8 Level 1 (vault) a long staircase Level 2 an armor shop stairs to The Gnomish Mines Level 3 a fountain Level 4 Level 5 (eye) Level 6 many fountains Level 7 a fountain stairs to Sokoban Level 8 (water) an altar to Odin The Gnomish Mines: Level 3 stairs to The Dungeons of Doom Sokoban: Level 6 <- You were here a magic chest stairs to The Dungeons of Doom History has recorded: On T:1 you entered the Dungeons of Doom to retrieve the Amulet of Yendor! On T:448 you reached level 2 of The Dungeons of Doom. On T:485 you advanced to experience level 2. On T:617 you reached level 3 of The Dungeons of Doom. On T:833 you reached level 1 of The Gnomish Mines. On T:888 you reached level 5 of The Dungeons of Doom. On T:895 you advanced to experience level 3. On T:1063 you reached level 6 of The Dungeons of Doom. On T:1086 you reached level 4 of The Dungeons of Doom. On T:1268 you advanced to experience level 4. On T:2228 you reached level 7 of The Dungeons of Doom. On T:2267 you advanced to experience level 5. On T:2796 you reached level 8 of The Dungeons of Doom. On T:2819 you advanced to experience level 6. On T:2964 you reached level 4 of Sokoban. Score breakdown: Gold: 304 ( 30 points) Experience: 6 levels ( 500 points) Exploration: 8 levels ( 210 points) Discoveries: 21 items ( 1050 points) Variety of kills: 33 monsters ( 1650 points) Major goal: (nothing yet) ( 0 points) Survival: died (score multiplied by 3) Total score: 10320 Latest messages: You hit the jaguar. The jaguar claws you! (2x) The jaguar bites! You feel better. The jaguar claws you! (2x) The jaguar bites! You feel better. The jaguar claws you! (2x) The jaguar misses. You feel better. The jaguar claws you! (2x) The jaguar bites! The jaguar claws you! (2x) The jaguar bites! The jaguar claws you! (2x) The jaguar just misses! You feel better. The jaguar claws you! (2x) The jaguar bites! You hit the jaguar. The jaguar claws you! (2x) The jaguar bites! The jaguar claws you! (2x) The jaguar bites! You die... Final status: Goodbye woodfighter the Priestess, killed by a jaguar... You died in Sokoban on dungeon level 6 with 10320 points, and 304 pieces of gold, after 3185 moves. You were level 6 with a maximum of 48 hit points when you died.